 Dungeon Crawl Stone Soup version 0.20.1-1-g8b1a95d66d (webtiles) character file.

57 Peloso the Covered (level 4, 0/31 HPs)
             Began as a Halfling Fighter on Nov 29, 2017.
             Slain by an adder (4 damage)
             ... on level 2 of the Dungeon.
             The game lasted 00:02:15 (1124 turns).

Peloso the Covered (Halfling Fighter)               Turns: 1124, Time: 00:02:16

Health: 0/31       AC:  7    Str: 18    XL:     4   Next: 18%
Magic:  13/13      EV:  9    Int:  6    God:
Gold:   68         SH:  9    Dex: 13    Spells: 3/3 levels left

rFire    . . .     SeeInvis .   a - +0 long sword
rCold    . . .     Gourm    .   c - +0 shield
rNeg     . . .     Faith    .   b - +0 scale mail
rPois    .         Spirit   .   (no helmet)
rElec    .         Reflect  .   (no cloak)
rCorr    .         Harm     .   (no gloves)
MR       .....                  (no boots)
Stlth    ..........             (no amulet)
Regen    0.1/turn               j - ring of magical power
MPRegen  0.2/turn               (no ring)

@: lethally poisoned (0 -> -2)
A: mutation resistance 1
a: no special abilities


You were on level 2 of the Dungeon.
You were hungry.

You visited 1 branch of the dungeon, and saw 2 of its levels.

You collected 68 gold pieces.

Inventory:

Hand Weapons
 a - a +0 long sword (weapon)
Armour
 b - a +0 scale mail (worn)
 c - a +0 shield (worn)
Jewellery
 j - a ring of magical power (left hand)
 l - an uncursed ring of magical power
Scrolls
 e - a scroll of recharging {unknown}
 i - a scroll of blinking {unknown}
 k - a scroll of fear {unknown}
 n - 3 scrolls of identify {unknown}
 o - a scroll of random uselessness {unknown}
 p - a scroll of teleportation {unknown}
 q - 5 scrolls of remove curse {unknown}
 r - a scroll of enchant armour {unknown}
Potions
 d - a potion of might
 m - a potion of heal wounds {unknown}
Comestibles
 f - a bread ration
 g - a royal jelly
 h - 2 fruits


   Skills:
 + Level 3.0 Fighting
 + Level 2.6 Long Blades
 + Level 4.0 Armour
 + Level 0.7 Dodging
 + Level 3.8 Shields


You had 3 spell levels left.
You didn't know any spells.

Dungeon Overview and Level Annotations

Branches:
Dungeon (2/15)

Altars:
Ashenzari


Innate Abilities, Weirdness & Mutations

You are small and have problems with some larger weapons.
You are somewhat resistant to further mutation.


Message History

The adder is almost dead.
You block the adder's attack. The adder bites you.
* * * LOW HITPOINT WARNING * * *
You are poisoned.
The adder poisons you!
You closely miss the adder.
The adder is almost dead.
You feel sick. The adder barely misses you. You block the adder's attack.
Your shield and scale mail prevent you from hitting the adder.
The adder is almost dead.
The adder bites you.
* * * LOW HITPOINT WARNING * * *
The adder bites you but does no damage.
Your shield prevents you from hitting the adder.
The adder is almost dead.
You feel sick. You block the adder's attack.
You miss the adder.
The adder is almost dead.
The adder bites you.
You die...

#. .. .# #.# ## ...
.####..##### .. ....
........... #
....###..........
#...[#........... ###.
#...#.##S...#.# ....
#.#...##@...<.# >...
##.....#......##
.....###....>........#
.........#....#.###.##
.....................#
..)...#.##...........#
........###..........#
.........##...†......#
.........##.####.#####


You could see an adder.

Vanquished Creatures
  An adder (D:2)
  An ooze (D:1)
  A worm (D:2)
  3 dart slugs (D:1)
  3 leopard geckos
  5 goblins
  3 hobgoblins
  3 jackals (D:1)
  5 bats (D:1)
  A frilled lizard (D:1)
  3 kobolds
  3 rats (D:1)
32 creatures vanquished.

Notes
Turn   | Place    | Note
-------+----------+-------------------------------------------
     0 | D:1      | Peloso the Halfling Fighter began the quest for the Orb.
     0 | D:1      | Reached XP level 1. HP: 15/15 MP: 1/1
    34 | D:1      | Found a shattered altar of Ashenzari.
    79 | D:1      | Reached XP level 2. HP: 20/20 MP: 2/2
   634 | D:1      | Reached XP level 3. HP: 25/25 MP: 3/3
   944 | D:2      | Reached XP level 4. HP: 16/30 MP: 4/4
   994 | D:2      | Reached skill level 4 in Armour
  1124 | D:2      | Slain by an adder

Skill      XL: |  1  2  3  4 |
---------------+-------------+-----
Armour         | 4 |  4.0
Fighting       | 3 |  3.0
Long Blades    | |  2.6
Dodging        | |  0.7
Shields        | |  3.8

Action                   |  1- 3 |  4- 6 || total
-------------------------+-------+-------++-------
Melee: Long sword        |    96 |    31 ||   127
Armor: Scale mail        |    37 |     9 ||    46
Dodge: Dodged            |    34 |     9 ||    43
Block: Shield            |    59 |    14 ||    73
       Rpst.: Long sword |     9 |     1 ||    10
